 Adventure DCSS version bcrawl-1.27.8b (webtiles) character file.

Game seed: 2997808386227850944

556919 Arthanis the Severer (level 15, -8/104 HPs)
             Began as a Gargoyle Berserker on Nov 7, 2020.
             Was the Champion of Trog.
             Killed by divine providence
             ... invoked by Saint Roka
              (11 damage)
             ... in the Orcish Mines.
             The game lasted 00:30:37 (18435 turns).

Arthanis the Severer (Gargoyle Berserker)          Turns: 18435, Time: 00:30:38

Health: -8/104     AC: 38    Str: 21    XL:     15   Next: 41%
Magic:  20/20      EV:  9    Int: 19    God:    Trog [******]
Gold:   1419       SH:  0    Dex: 22    Spells: 14/14 levels left
                                        Lives:  0   Deaths: 2

rFire    . . .     SeeInvis .   a - +5 battleaxe (venom)
rCold    + . .     Gourm    .   (shield currently unavailable)
rNeg     + + .     Faith    +   R - +4 plate armour "Moodwoef" {rN+ Regen+}
rPois    ∞         Spirit   .   K - +2 hat "Qageufa" {Dex+3}
rElec    +         Reflect  .   F - +0 cloak {rC+}
rCorr    .         Harm     .   W - +2 pair of gloves {Dex+3}
MR       +++..                  E - +0 pair of boots
Stlth    ..........             n - amulet of faith
HPRegen  1.67/turn              k - +7 ring of dexterity
MPRegen  0.17/turn              g - +5 ring of intelligence

@: berserk cooldown, flying, regenerating, slowed, very slow
A: big wings, negative energy resistance 1, electricity resistance, unbreathing,
petrification resistance, rot immunity, AC +11
a: Stop Flying, Berserk, Trog's Hand, Brothers in Arms, Renounce Religion


You were in the Orcish Mines.
You worshipped Trog.
Trog was exalted by your worship.
You were hungry.

You visited 3 branches of the dungeon, and saw 19 of its levels.
You also visited: Gauntlet and Ice Cave.

You collected 1759 gold pieces.
You spent 340 gold pieces at shops.

Inventory:

Hand Weapons
 a - a +5 battleaxe of venom (weapon)
 A - a +5 antimagic executioner's axe
 O - a +6 battleaxe of flaming
 X - a +2 spear of venom
Missiles
 S - 5 throwing nets {=f}
Armour
 E - a +0 pair of boots (worn)
 F - a +0 cloak of cold resistance (worn)
 K - the +2 hat "Qageufa" (worn) {Dex+3}
   (You found it in a Gauntlet)

   It affects your dexterity (+3).
 R - the +4 plate armour "Moodwoef" (worn) {rN+ Regen+}
   (You found it on level 7 of the Dungeon)

   It protects you from negative energy.
   It increases your rate of regeneration.
 W - a +2 pair of gloves of dexterity (worn)
Jewellery
 g - a +5 ring of intelligence (right hand)
 k - a +7 ring of dexterity (left hand)
 n - an amulet of faith (around neck)
 p - the amulet "Gaizu" {Reflect rF++ rN++ Str-4 SH+6}
   (You took it off a minotaur in a Gauntlet)

   [amulet of reflection]

   It shields you and reflects attacks.
   It affects your strength (-4).
   It greatly protects you from fire.
   It greatly protects you from negative energy.
   It affects your SH (+6).
Wands
 z - a wand of flame (10)
 I - a wand of disintegration (43)
 T - a wand of iceblast (52)
 V - a wand of acid (5)
Scrolls
 h - 6 scrolls of fog
 i - 2 scrolls of summoning
 l - 7 scrolls of enchant weapon
 o - 9 scrolls of remove curse
 t - 4 scrolls of identify
 x - 2 scrolls of enchant armour
 y - a scroll of amnesia
 B - 4 scrolls of immolation
 G - 8 scrolls of blinking
 J - 5 scrolls of teleportation
 P - a scroll of brand weapon {unknown}
 Y - a scroll of torment
Potions
 c - a potion of resistance
 d - 11 potions of curing
 f - 4 potions of haste
 j - 7 potions of mutation
 q - 5 potions of berserk rage
 s - 3 potions of cancellation
 u - 6 potions of heal wounds
 v - 2 potions of lignification
 w - 8 potions of brilliance
 C - a potion of invisibility
 D - 2 potions of ambrosia
 L - a potion of magic
 N - 3 potions of might
 Q - 2 potions of agility
 Z - a potion of flight
Miscellaneous
 m - a phial of floods
 M - a lightning rod (4/4)
 U - a box of beasts
Comestibles
 b - a chunk of flesh
 e - 27 rations {!d}


   Skills:
 + Level 15.6 Fighting
 * Level 18.0 Axes
 - Level 10.0 Armour
 - Level 4.0 Dodging
 + Level 7.3 Evocations


You had 14 spell levels left.
You didn't know any spells.
Your spell library contained the following spells:

 Spells                   Type           Power        Failure   Level  Hunger
 Throw Frost              Conj/Ice       #.....       86%         2    ####...
 Beastly Appendage        Tmut           #.....       97%         1    None
 Corona                   Hex            #......      97%         1    None
 Freeze                   Ice            #.....       97%         1    None
 Infusion                 Chrm           #.......     97%         1    None
 Ensorcelled Hibernation  Hex/Ice        #.....       99%         2    ####...
 Passwall                 Tmut/Erth      #.......     99%         2    ####...
 Song of Slaying          Chrm           #.......     99%         2    ####...
 Sticks to Snakes         Tmut           #.......     99%         2    ####...
 Confuse                  Hex            #.......     100%        3    #####..
 Dazzling Orbs            Conj/Hex       #......      100%        3    #####..
 Ozocubu's Armour         Chrm/Ice       #.......     100%        3    #####..
 Portal Projectile        Tloc           #.....       100%        3    #####..
 Regeneration             Chrm/Necr      #.........   100%        3    #####..
 Spectral Weapon          Hex/Chrm       #.......     100%        3    #####..
 Spider Form              Tmut/Pois      #..          100%        3    #####..
 Stone Arrow              Conj/Erth      #.....       100%        3    #####..
 Teleport Other           Tloc           #.......     100%        3    #####..
 Tukima's Dance           Hex            #.......     100%        3    #####..
 Ice Form                 Ice/Tmut       #.......     100%        4    ######.
 Petrify                  Tmut/Erth      #.........   100%        4    ######.
 Summon Ice Beast         Ice/Summ       #.......     100%        4    ######.
 Throw Icicle             Conj/Ice       #.......     100%        4    ######.
 Yara's Violent Unravell  Hex/Tmut       #.........   100%        4    ######.
 Blade Hands              Tmut           #.........   100%        5    #######
 Bolt of Magma            Conj/Fire/Erth #.........   100%        5    #######
 Metabolic Englaciation   Hex/Ice        #.........   100%        5    #######
 Iron Shot                Conj/Erth      #.........   100%        6    #######
 Mana Rupture             Conj/Hex       #.........   100%        7    #######
 Shatter                  Erth           #.........   100%        9    #######
 Statue Form              Tmut/Erth      Unusable     N/A         6    N/A

Dungeon Overview and Level Annotations

Branches:
Dungeon (12/12)            Temple (0/1) D:5            Lair (6/6) D:7
 Shoals (0/3) Lair:3       Spider (0/3) Lair:4        Slime (0/5) Lair:5
    Orc (1/1) D:10         Vaults (0/3) D:12         Depths (0/5) D:12
    Elf: Orc:1

Altars:
Ashenzari
Cheibriados
Elyvilon
Gozag
Hepliaklqana
Lugonu
Nemelex Xobeh
Okawaru
Sif Muna
Trog
Vehumet
Yredelemnul
Beogh
Jiyva

Shops:
D:4 *

Annotations:
D:11 3 runed translucent doors, Lazarus1551's ghost, journeyman DjCj
Lair:2 2 transporters, MisterOstroum's ghost, novice FeSk Orc Saint Roka


Innate Abilities, Weirdness & Mutations

You are resistant to torment.
Your stone body is resilient. (AC +11)
You are immune to poison.
Your large and strong wings let you fly indefinitely.
You resist negative energy. (rN+)
You are resistant to electric shocks. (rElec)
You can survive without breathing.
You are immune to petrification.
You are immune to rotting.


Message History

The warg bites you but does no damage.
You slash the orc warrior!
The orc warrior is poisoned.
The orc warrior is moderately wounded.
You closely miss the warg.
Saint Roka mumbles some strange prayers to Beogh against the warg.
Beogh smites you!
* * * LOW HITPOINT WARNING * * *
The warg barely misses you. The orc warrior barely misses you.
The orc no longer looks unusually strong.
The orc warrior no longer looks unusually strong.
You kill the orc priest!
Trog accepts your kill.
Saint Roka mumbles some strange prayers to Beogh against something.
Beogh smites you!
* * * LOW HITPOINT WARNING * * *
The warg bites you.
* * * LOW HITPOINT WARNING * * *
Saint Roka invokes the aid of Beogh against something.
Beogh smites you!
You die...

#....#####...#.....#
#....#..##..##.....# ####
.....'..#...#......##...#
####†#..#.........##.....
#..#.####........##...8..
#.)).####.8...8...8oo....
#..#....'..†......)o.._..
####.####.8..)8.ho8oo....
.....# #.....))@##o..8..
#.#### #.....).).# .....
#....+ #^).#......# ...#
#....# ##..##.....# ###
#....# #...#.....#
....... #...##.....#
#+#####. #....#.....#
###...##..... ....


You could see Saint Roka, a warg, an orc warrior and 4 orcs.

Vanquished Creatures
  Gastronok (Lair:2)
  A minotaur (Gauntlet)
  A hell beast (Gauntlet)
  Harold (Lair:6)
  6 hydras
  4 vault guards (D:12)
  A centaur warrior (D:12)
  Erica (D:8)
  2 death knights (D:12)
  A merfolk avatar (Lair:6)
  2 tengu warriors
  8 two-headed ogres
  A queen ant (Lair:4)
  A satyr (shapeshifter) (D:12)
  7 skeletal warriors (D:12)
  Pikel (D:8)
  A glowing orange brain (D:12)
  2 cyclopes (D:12)
  5 orc knights
  A necromancer (IceCv)
  A wolf spider (D:12)
  2 orc sorcerers (Orc)
  2 deep elf magi
  3 manticores
  8 ugly things
  8 elephants
  6 black mambas
  Joseph (D:9)
  An ice statue (IceCv)
  An eye of devastation (Gauntlet)
  10 cane toads
  3 rime drakes (Lair:6)
  An efreet (D:12)
  13 freezing wraiths
  14 komodo dragons
  A meliai (D:12)
  2 wind drakes (Lair:6)
  6 trolls
  2 jumping spiders (Lair:4)
  Prince Ribbit (Lair:2)
  8 polar bears (Lair:6)
  3 hornets (Lair:6)
  3 slime creatures (D:12)
  8 hippogriffs
  7 dream sheep (Lair:5)
  24 blink frogs
  A redback (Lair:4)
  3 shadows
  A vampire (D:11)
  2 wraiths
  5 wyverns
  15 yaks
  3 basilisks
  A hungry ghost (D:12)
  A golden eye (Gauntlet)
  A death yak simulacrum (IceCv)
  2 steam dragons
  6 vampire mosquitoes
  4 soldier ants (Lair:4)
  9 water moccasins
  12 crocodiles
  A floating eye (Gauntlet)
  7 porcupines
  21 orc warriors
  4 black bears
  17 ice beasts
  A hornet zombie (D:12)
  6 sky beasts
  A slave (D:8)
  2 necrophages
  An eye of draining (D:10)
  3 centaurs
  10 ogres
  9 wolves
  20 bullfrogs
  4 big kobolds
  A cane toad simulacrum (Gauntlet)
  2 scorpions
  15 killer bees
  14 wights
  A howler monkey (D:5)
  2 centaur zombies
  6 crimson imps
  2 bullfrog zombies
  8 centaur skeletons
  3 draconian simulacra (IceCv)
  12 jellies
  19 orc priests
  9 hounds
  9 orc wizards
  2 iguanas
  11 hell rats (Lair:3)
  2 spriggan simulacra (IceCv)
  30 worker ants
  3 troll simulacra (IceCv)
  3 wolf simulacra (IceCv)
  6 centaur simulacra
  A hound zombie (D:8)
  5 hound skeletons
  3 gnolls (D:10)
  A howler monkey skeleton (D:7)
  11 adders
  6 naga simulacra (IceCv)
  3 ogre simulacra (IceCv)
  13 river rats (Lair:3)
  A shadow imp (D:9)
  12 white imps (IceCv)
  10 oozes
  An adder zombie (D:7)
  5 worms
  2 dart slugs
  6 leopard geckos
  77 orcs
  A ball python (D:2)
  11 bats
  5 giant cockroaches
  7 goblins
  4 hobgoblins
  19 jackals
  26 kobolds
  9 quokkas
  4 frilled lizards
  A quokka skeleton (D:4)
  20 rats
  5 fungi
  8 plants
797 creatures vanquished.

Vanquished Creatures (others)
  2 fungi
  7 plants
9 creatures vanquished.

Grand Total: 806 creatures vanquished

Notes
Turn   | Place    | Note
-------+----------+-------------------------------------------
     0 | D:1      | Arthanis the Gargoyle Berserker began the quest for the
                  | Orb.
     0 | D:1      | Reached XP level 1. HP: 14/14 MP: 1/1
   284 | D:1      | Reached XP level 2. HP: 15/19 MP: 2/2
   444 | D:1      | Reached skill level 3 in Axes
  1008 | D:1      | Reached XP level 3. HP: 23/23 MP: 3/3
  1207 | D:1      | Found a roughly hewn altar of Beogh.
  1207 | D:1      | Noticed an orc warrior
  1388 | D:2      | Reached ** piety under Trog
  1877 | D:3      | Reached XP level 4. HP: 26/29 MP: 4/4
  2168 | D:3      | Reached XP level 5. HP: 25/33 MP: 5/5
  2173 | D:3      | Reached skill level 4 in Axes
  2430 | D:3      | Found a roughly hewn altar of Beogh.
  2436 | D:3      | HP: 1/49 [orc/+0 war axe (6)]
  2878 | D:4      | Reached XP level 6. HP: 39/39 MP: 6/6
  2975 | D:4      | Reached *** piety under Trog
  3099 | D:4      | Found a white marble altar of Elyvilon.
  3119 | D:4      | Reached skill level 5 in Axes
  3175 | D:4      | Found a corrupted altar of Lugonu.
  3206 | D:4      | Reached skill level 5 in Fighting
  3206 | D:4      | Reached XP level 7. HP: 36/44 MP: 7/7
  3269 | D:4      | Found a radiant altar of Vehumet.
  3621 | D:4      | Found Igoetubb's General Store.
  3626 | D:4      | Bought a potion of curing for 25 gold pieces
  3626 | D:4      | Bought a potion of heal wounds for 50 gold pieces
  3626 | D:4      | Bought a scroll of immolation for 35 gold pieces
  3626 | D:4      | Bought a potion of curing for 25 gold pieces
  3626 | D:4      | Bought a potion of invisibility for 80 gold pieces
  3626 | D:4      | Bought a potion of brilliance for 40 gold pieces
  3626 | D:4      | Bought a potion of ambrosia for 40 gold pieces
  3626 | D:4      | Bought a +0 pair of boots for 45 gold pieces
  3761 | D:4      | Reached skill level 6 in Axes
  3761 | D:4      | Reached skill level 5 in Armour
  3888 | D:5      | Entered Level 5 of the Dungeon
  3893 | D:5      | Reached XP level 8. HP: 51/51 MP: 8/8
  3939 | D:5      | Found a basalt altar of Yredelemnul.
  4341 | D:5      | Found a staircase to the Ecumenical Temple.
  4697 | D:5      | Reached skill level 7 in Axes
  4983 | D:6      | Found a shimmering blue altar of Sif Muna.
  4983 | D:6      | Found a hazy altar of Hepliaklqana.
  5188 | D:6      | Noticed a wyvern
  5199 | D:6      | Killed a wyvern
  5199 | D:6      | Reached **** piety under Trog
  5199 | D:6      | Reached skill level 8 in Axes
  5199 | D:6      | Reached XP level 9. HP: 57/57 MP: 9/9
  5215 | D:6      | Noticed a troll
  5250 | D:6      | Killed a troll
  5554 | D:6      | Reached skill level 9 in Axes
  5910 | D:7      | Found a staircase to the Lair.
  5910 | D:7      | Noticed an elephant
  5931 | D:7      | Killed an elephant
  5931 | D:7      | Reached skill level 10 in Axes
  5931 | D:7      | Reached XP level 10. HP: 65/65 MP: 10/10
  6185 | D:7      | Noticed an orc knight
  6198 | D:7      | Killed an orc knight
  6381 | D:7      | Reached ***** piety under Trog
  6597 | D:7      | Got a brightly glowing plate armour
  6824 | D:8      | Reached skill level 11 in Axes
  6961 | D:8      | Received a gift from Trog
  7069 | D:8      | Reached skill level 1 in Evocations
  7125 | D:8      | Noticed Erica
  7127 | D:8      | Noticed a two-headed ogre
  7133 | D:8      | Killed a two-headed ogre
  7133 | D:8      | Reached skill level 10 in Fighting
  7136 | D:8      | Killed Erica
  7136 | D:8      | Reached XP level 11. HP: 72/72 MP: 10/12
  7355 | D:8      | Noticed Pikel
  7368 | D:8      | Killed Pikel
  7510 | D:8      | Found a snail-covered altar of Cheibriados.
  7803 | D:9      | Noticed Joseph
  7810 | D:9      | Killed Joseph
  7921 | D:9      | Identified the +4 plate armour "Moodwoef" {rN+ Regen+} (You
                  | found it on level 7 of the Dungeon)
  7998 | D:9      | Reached skill level 12 in Axes
  8154 | D:9      | Noticed a two-headed ogre
  8169 | D:9      | Killed a two-headed ogre
  8358 | D:9      | Received a gift from Trog
  8740 | D:10     | Entered Level 10 of the Dungeon
  8740 | D:10     | Noticed a two-headed ogre
  8750 | D:10     | Killed a two-headed ogre
  8815 | D:10     | Noticed an orc knight
  8815 | D:10     | Noticed an orc knight
  8815 | D:10     | Noticed an orc knight
  8815 | D:10     | Noticed an orc knight
  8852 | D:9      | Killed an orc knight
  8904 | D:9      | Killed an orc knight
  8957 | D:9      | Killed an orc knight
  9012 | D:10     | Killed an orc knight
  9012 | D:10     | Reached XP level 12. HP: 80/80 MP: 15/15
  9032 | D:10     | Found a staircase to the Orcish Mines.
  9095 | D:10     | Found a shattered altar of Ashenzari.
  9634 | D:10     | Found an iron altar of Okawaru.
  9657 | D:10     | HP: 4/80 [hellwing[a deep elf mage] (1)]
  9657 | D:10     | Slain by a redback
  9658 | D:10     | Reached XP level 11. HP: -1/74 MP: 14/14
  9697 | D:10     | Killed a deep elf mage
  9867 | D:11     | Noticed a brown ugly thing
  9867 | D:11     | Noticed a manticore
  9878 | D:11     | Killed a brown ugly thing
  9879 | D:11     | Killed a manticore
  9902 | D:11     | Noticed a tengu warrior
  9930 | D:11     | Killed a tengu warrior
  9930 | D:11     | Reached skill level 5 in Evocations
  9958 | D:11     | Noticed an eight-headed hydra
  9960 | D:11     | Reached skill level 13 in Axes
  9960 | D:11     | Noticed a manticore
  9970 | D:11     | Killed a three-headed hydra
  9987 | D:11     | Found a runed translucent gate.
  9987 | D:11     | Noticed a wolf spider
  9988 | D:11     | Noticed Lazarus1551's ghost (journeyman DjCj)
  9988 | D:11     | Found a runed translucent gate.
  9988 | D:11     | Found an opulent altar of Gozag.
  9989 | D:11     | Found a runed translucent gate.
  9989 | D:11     | Noticed an ettin
  9989 | D:11     | Noticed a phantasmal warrior
  9989 | D:11     | Noticed a yaktaur captain
 10007 | D:11     | Killed a manticore
 10045 | D:11     | Reached XP level 12. HP: 80/80 MP: 16/16
 10046 | D:11     | Found a frozen archway.
 10056 | D:11     | Received a gift from Trog
 10059 | D:11     | Got a smoking hunting sling {god gift}
 10088 | IceCv    | Entered an ice cave
 10531 | IceCv    | Found an ancient bone altar of Kikubaaqudgha.
 10542 | IceCv    | Received a gift from Trog
 10994 | D:12     | Entered Level 12 of the Dungeon
 10998 | D:12     | Noticed a death knight
 11004 | D:12     | Reached skill level 14 in Axes
 11006 | D:12     | Noticed a two-headed ogre
 11011 | D:12     | Killed a death knight
 11193 | D:12     | Noticed a centaur warrior
 11204 | D:12     | Killed a centaur warrior
 11204 | D:12     | Reached XP level 13. HP: 47/87 MP: 17/17
 11311 | D:12     | Found a bloodstained altar of Trog.
 11355 | D:12     | Reached ****** piety under Trog
 11450 | D:12     | Reached skill level 10 in Armour
 11527 | D:12     | Found a gate to the Vaults.
 11527 | D:12     | Noticed a vault guard
 11527 | D:12     | Noticed a vault guard
 11527 | D:12     | Noticed a vault guard
 11527 | D:12     | Noticed a vault guard
 11574 | D:12     | HP: 3/87 [something (13)]
 11574 | D:12     | Slain by a tengu warrior
 11575 | D:12     | Reached XP level 12. HP: 0/82 MP: 16/16
 11591 | D:12     | Received a gift from Trog
 11616 | D:12     | Killed a tengu warrior
 11643 | D:12     | Killed a vault guard
 11668 | D:12     | Killed a vault guard
 11668 | D:12     | Reached skill level 15 in Axes
 11690 | D:12     | Killed a vault guard
 11698 | D:12     | Killed a vault guard
 11830 | D:12     | Reached XP level 13. HP: 88/88 MP: 17/17
 11901 | D:12     | Noticed a spark wasp
 11901 | D:12     | a satyr changed into a spark wasp
 11903 | D:12     | a spark wasp changed into a satyr
 11950 | D:12     | Found a staircase to the Depths.
 12196 | Lair:1   | Entered Level 1 of the Lair of Beasts
 12599 | Lair:1   | Found a sparkling altar of Nemelex Xobeh.
 13001 | Lair:2   | Found a transporter.
 13006 | Lair:2   | Found a transporter.
 13006 | Lair:2   | Noticed MisterOstroum's ghost (novice FeSk)
 13025 | Lair:2   | Received a gift from Trog
 13073 | Lair:2   | Reached skill level 16 in Axes
 13133 | Lair:2   | Noticed Prince Ribbit
 13141 | Lair:2   | Killed Prince Ribbit
 13397 | Lair:2   | Noticed Gastronok
 13406 | Lair:2   | Killed Gastronok
 13938 | Lair:3   | Gained mutation: Your large and strong wings let you fly
                  | indefinitely. [Gargoyle growth]
 13938 | Lair:3   | Reached XP level 14. HP: 76/96 MP: 18/18
 14008 | Lair:3   | Found a staircase to the Shoals.
 14448 | Lair:3   | Received a gift from Trog
 15322 | Lair:4   | Found a hole to the Spider Nest.
 15405 | Lair:4   | Reached skill level 17 in Axes
 15482 | Lair:4   | Received a gift from Trog
 15882 | Lair:5   | Found a runed door.
 15888 | Lair:5   | Found a viscous altar of Jiyva.
 15890 | Lair:5   | Found a staircase to the Slime Pits.
 16059 | Lair:5   | Reached skill level 15 in Fighting
 16130 | Lair:5   | Got a twisted robe
 16672 | Lair:6   | Entered Level 6 of the Lair of Beasts
 16749 | Lair:6   | Found a gate leading to a gauntlet.
 16764 | Gauntlet | Entered a Gauntlet
 16764 | Gauntlet | Found a transporter.
 16766 | Gauntlet | Found a transporter.
 16785 | Gauntlet | Found a transporter.
 16785 | Gauntlet | Found a transporter.
 16836 | Gauntlet | Found a transporter.
 16842 | Gauntlet | Found a transporter.
 16852 | Gauntlet | Found a transporter.
 16884 | Gauntlet | Found a transporter.
 16901 | Gauntlet | Got a steaming hat
 16919 | Gauntlet | Identified the +2 hat "Qageufa" {Dex+3} (You found it in a
                  | Gauntlet)
 16936 | Gauntlet | Found a transporter.
 16956 | Gauntlet | Found a transporter.
 16994 | Gauntlet | Identified the amulet "Gaizu" {Reflect rF++ rN++ Str-4
                  | SH+6}
 17011 | Gauntlet | Identified the Collected Works on Earthen Orientation
 17212 | Lair:6   | Received a gift from Trog
 17389 | Lair:6   | Reached XP level 15. HP: 103/103 MP: 19/19
 17490 | Lair:6   | Noticed Harold
 17513 | Lair:6   | Killed Harold
 18132 | Orc      | Entered the Orcish Mines
 18135 | Orc      | Received a gift from Trog
 18411 | Orc      | Found a roughly hewn altar of Beogh.
 18414 | Orc      | Noticed Saint Roka
 18424 | Orc      | Reached skill level 18 in Axes
 18432 | Orc      | Received a gift from Trog
 18435 | Orc      | HP: 3/104 [warg[Saint Roka] (4)]
 18435 | Orc      | Killed from afar by Saint Roka

Skill      XL: |  1  2  3  4  5  6  7  8  9 10 11 12 13 14 15 |
---------------+----------------------------------------------+-----
Axes           | 3 4 5 6 8 10 11 13 15 16 17 18 | 18.0
Dodging        | 2 4 |  4.0
Fighting       | 4 5 7 8 10 11 13 14 15 | 15.6
Armour         | 3 4 5 6 8 9 10 | 10.0
Evocations     | 2 5 6 7 |  7.3

Action                   |  1- 3 |  4- 6 |  7- 9 | 10-12 | 13-15 || total
-------------------------+-------+-------+-------+-------+-------++-------
Melee: Hand axe          |   156 |   202 |   313 |   170 |       ||   841
       Battleaxe         |       |       |       |   630 |   836 ||  1466
Invok: Berserk           |     1 |     4 |     9 |    24 |    11 ||    49
       Trog's Hand       |       |     1 |     2 |     9 |     3 ||    15
 Abil: Fly               |       |       |       |       |     1 ||     1
  Use: Scroll            |     3 |     4 |       |     8 |    13 ||    28
       Potion            |       |       |       |       |     1 ||     1
  Eat: Chunk             |     8 |    14 |    16 |    37 |    47 ||   122
       Ration            |       |       |     2 |     5 |     1 ||     8
Armor: Animal skin       |    27 |       |       |       |       ||    27
       Chain mail        |    62 |   141 |   217 |   174 |       ||   594
       Plate armour      |       |       |       |   598 |   658 ||  1256
Dodge: Dodged            |   102 |    90 |   145 |   439 |   363 ||  1139
